 Dungeon Crawl Stone Soup version 0.24.0-1-gfbc8707 (webtiles) character file.

Game seed: 9671491621597805738, levelgen mode: deterministic

3436 Geeful the Cleaver (level 10, 0/88 (90) HPs)
             Began as a Hill Orc Abyssal Knight on Nov 2, 2019.
             Was an Elder of Lugonu.
             Slain by a hippogriff (3 damage)
             ... on level 8 of the Dungeon.
             The game lasted 00:23:58 (9968 turns).

Geeful the Cleaver (Hill Orc Abyssal Knight)        Turns: 9968, Time: 00:23:58

HP:   0/88 (90)     AC: 16    Str: 19    XL:     10   Next: 5%
MP:   16/16         EV:  9    Int: 12    God:    Lugonu [****..]
Gold: 442           SH:  0    Dex: 10    Spells: 9/9 levels left

rFire    . . .     SeeInvis .   t - +0 broad axe
rCold    . . .     Gourm    .   (no shield)
rNeg     . . .     Faith    .   m - +1 chain mail
rPois    .         Spirit   .   (no helmet)
rElec    .         Reflect  .   (no cloak)
rCorr    .         Harm     .   (no gloves)
MR       +....                  v - +0 pair of boots
Stlth    ..........             b - amulet of magic regeneration
HPRegen  0.24/turn              j - ring of protection from magic
MPRegen  0.40/turn              u - +4 ring of protection

@: lightly drained
A: no striking features
a: Depart the Abyss, Bend Space, Banish, Corrupt, Renounce Religion


You were on level 8 of the Dungeon.
You worshipped Lugonu.
Lugonu was greatly pleased with you.
You were not hungry.

You visited 1 branch of the dungeon, and saw 9 of its levels.
You visited the Abyss 1 time.
You also visited: Sewer.

You collected 442 gold pieces.

Inventory:

Hand Weapons
 p - a +1 war axe
 t - a +0 broad axe (weapon)
Armour
 m - a +1 chain mail (worn)
 s - a +0 shield
 v - a +0 pair of boots (worn)
Jewellery
 b - an amulet of magic regeneration (around neck)
 e - an uncursed ring of fire
 j - a ring of protection from magic (left hand)
 u - a +4 ring of protection (right hand)
Wands
 d - a wand of paralysis (14)
 h - a wand of random effects (8)
 y - a wand of enslavement (6)
Scrolls
 a - a scroll of identify
 f - 5 scrolls of teleportation
 i - 4 scrolls of remove curse
 n - a scroll of enchant armour
 o - a scroll of blinking
 q - a scroll of fear {unknown}
 w - a scroll of magic mapping
Potions
 g - 4 potions of brilliance
 k - 2 potions of curing
 l - 7 potions of flight
 r - 2 potions of agility
Comestibles
 c - 14 rations
 x - a chunk of flesh


   Skills:
 + Level 8.4(8.2) Fighting
 + Level 8.6(8.3) Axes
 + Level 7.2(7.0) Armour
 - Level 5.0(4.8) Dodging
 + Level 8.5(8.3) Invocations


You had 9 spell levels left.
You didn't know any spells.
Your spell library contained the following spells:

 Spells                   Type           Power        Failure   Level  Hunger
 Magic Dart               Conj           #...         97%         1    ##.....
 Searing Ray              Conj           #.....       99%         2    ###....
 Dazzling Spray           Conj/Hex       #.....       100%        3    ####...
 Force Lance              Conj/Tloc      #.......     100%        4    #####..
 Fulminant Prism          Conj/Hex       #.........   100%        4    #####..
 Iskenderun's Mystic Bla  Conj           #.......     100%        4    #####..


Dungeon Overview and Level Annotations

Branches:
Dungeon (9/15)             Temple (0/1) D:6           Sewer (visited)
   Lair: D:8-11         Orc: D:9-12

Altars:
Gozag
Hepliaklqana
Vehumet
Yredelemnul
The Shining One

Shops:
D:6 }


Message History

The hippogriff bites you.
* * * LOW HITPOINT WARNING * * *
The hippogriff closely misses you. The hippogriff claws you.
* * * LOW HITPOINT WARNING * * *
You slash the hippogriff!
The hippogriff is severely wounded.
The hippogriff bites you but does no damage.
The hippogriff pecks you but does no damage.
The hippogriff barely misses you.
You barely miss the hippogriff.
The hippogriff is severely wounded.
The hippogriff bites you.
* * * LOW HITPOINT WARNING * * *
The hippogriff barely misses you. x2
You slash the hippogriff!
The hippogriff is almost dead.
The hippogriff bites you but does no damage.
The hippogriff pecks you but does no damage.
The hippogriff barely misses you. The hippogriff bites you.
You die...

#########
........#
........#
........#
........#
........#
........####
.........@(#
#.########H#
#.# #(#
#>##.#.#
#.)....#
#...(.$...#
#.#####.#.#
.. c# ..


You could see a hippogriff.

Vanquished Creatures
  Grinder (D:3)
  Sigmund (D:3)
  A water moccasin (D:6)
  An orc warrior (D:6)
  An ice beast (D:7)
  2 black bears (D:6)
  A sky beast (D:5)
  A necrophage (D:7)
  3 ogres
  A phantom (D:5)
  3 centaurs
  4 bullfrogs
  A scorpion (D:7)
  7 wights
  2 howler monkeys (D:4)
  3 crimson imps
  A centaur zombie (D:6)
  3 hounds
  A quasit (D:5)
  6 orc priests
  A centaur skeleton (D:6)
  Jessica (D:2)
  Natasha (D:3)
  2 iguanas (D:5)
  5 worker ants
  4 orc wizards
  A killer bee zombie (D:7)
  2 hound zombies
  2 hound skeletons
  A worker ant zombie (D:5)
  12 adders
  2 shadow imps
  6 oozes
  4 adder skeletons
  6 worms
  A dart slug (D:1)
  5 leopard geckos
  21 orcs
  7 giant cockroaches
  6 goblins
  4 hobgoblins
  11 jackals
  5 quokkas
  4 ball pythons
  13 bats
  4 frilled lizards
  2 goblin zombies (D:5)
  3 hobgoblin zombies (D:5)
  A jackal skeleton (D:7)
  4 kobolds (D:1)
  2 kobold skeletons (D:5)
  3 kobold zombies (D:5)
  An orc skeleton (D:5)
  An orc zombie (D:5)
  A quokka skeleton (D:7)
  A quokka zombie (D:6)
  6 rats
200 creatures vanquished.

Vanquished Creatures (others)
  A water moccasin (D:8)
1 creature vanquished.

Grand Total: 201 creatures vanquished

Notes
Turn   | Place    | Note
-------+----------+-------------------------------------------
     0 | Abyss:1  | Geeful the Hill Orc Abyssal Knight began the quest for the
                  | Orb.
     0 | Abyss:1  | Reached XP level 1. HP: 19/19 MP: 2/2
    36 | Abyss:1  | Noticed a large abomination
    42 | Abyss:1  | Noticed a ynoxinul
    68 | D:1      | Escaped the Abyss
   104 | D:1      | Reached skill level 1 in Dodging
   104 | D:1      | Reached XP level 2. HP: 5/27 MP: 4/4
   106 | D:1      | HP: 1/27 [dart slug/slug dart (3)]
   109 | D:1      | Reached * piety under Lugonu
   806 | D:1      | Reached XP level 3. HP: 31/33 MP: 5/5
  1031 | D:2      | Noticed Jessica
  1050 | D:2      | Killed Jessica
  1050 | D:2      | Reached XP level 4. HP: 15/40 MP: 6/6
  1526 | D:2      | Reached ** piety under Lugonu
  2332 | D:3      | Reached XP level 5. HP: 47/47 MP: 7/7
  2506 | D:3      | Noticed Grinder
  2514 | D:3      | Paralysed by Grinder for 7 turns
  2533 | D:3      | Killed Grinder
  2533 | D:3      | Reached XP level 6. HP: 46/55 MP: 7/9
  2715 | D:3      | Noticed Sigmund
  2732 | D:3      | Killed Sigmund
  2732 | D:3      | Reached skill level 5 in Fighting
  2732 | D:3      | Reached XP level 7. HP: 35/61 MP: 10/10
  2959 | D:3      | Noticed Natasha
  2967 | D:3      | Killed Natasha
  3102 | D:4      | Reached skill level 5 in Axes
  3102 | D:4      | Reached skill level 5 in Invocations
  3449 | D:4      | Found a glowing drain.
  3499 | Sewer    | Entered a sewer
  3697 | Sewer    | Reached *** piety under Lugonu
  4615 | D:4      | Reached XP level 8. HP: 35/70 MP: 12/12
  5155 | D:5      | Entered Level 5 of the Dungeon
  5239 | D:5      | Reached skill level 5 in Armour
  5984 | D:5      | HP: 2/71 [something (3)]
  6609 | D:5      | Found a glowing golden altar of the Shining One.
  6637 | D:5      | Reached **** piety under Lugonu
  7260 | D:6      | Found a radiant altar of Vehumet.
  7263 | D:6      | Found a basalt altar of Yredelemnul.
  7266 | D:6      | Found a hazy altar of Hepliaklqana.
  7269 | D:6      | Found a glowing golden altar of the Shining One.
  7274 | D:6      | Reached XP level 9. HP: 77/78 MP: 14/14
  7539 | D:6      | Found an opulent altar of Gozag.
  7604 | D:6      | Found a staircase to the Ecumenical Temple.
  7849 | D:6      | Found Tiesu's Gadget Shoppe.
  8748 | D:7      | Got a slimy hand axe
  8752 | D:7      | Identified the +6 hand axe "Uphyhirche" {chop, *Contam
                  | +Rage rF- Int+8} (You found it on level 7 of the Dungeon)
  9731 | D:8      | Reached skill level 5 in Dodging
  9805 | D:8      | Noticed a two-headed ogre
  9806 | D:8      | Noticed a troll
  9811 | D:8      | Reached XP level 10. HP: 33/86 MP: 16/16
  9967 | D:8      | HP: 2/88 [hippogriff (6)]
  9968 | D:8      | Slain by a hippogriff

Levels and vault maps discovered:
D:1:      nzn_arrival_water_spiral, layout_rooms, minmay_shallow_snake_nest
D:2:      layout_rooms, first_ration, uniq_jessica
D:3:      layout_basic, uniq_grinder, uniq_natasha, uniq_sigmund
D:4:      layout_rooms, gup_sewer_entry_bowl, serial_bayou_pond_b,
          grunt_ministairs_15
D:5:      lemuel_ice_spiral_2, layout_rooms, nicolae_tso_besieged_by_evil
D:6:      layout_loops_corners, grunt_temple_overflow_cloverleaf,
          overflow_temple_1_default, minmay_temple_entry_purple_smoke,
          serial_shops, shop
D:7:      layout_gridville, serial_glass, glass_columns_b, glass_columns_a,
          glass_columns_b, glass_columns_a
D:8:      layout_rooms
D:9:      layout_loops_corners, marbit_many_paths, overflow_temple_1_default,
          the_bakery, serial_park_tiny_2

Skill      XL: |  1  2  3  4  5  6  7  8  9 |
---------------+----------------------------+-----
Dodging        | 1 2 3 4 5 |  5.0
Axes           | 3 4 5 6 8 |  8.6
Invocations    | 3 4 5 6 8 |  8.5
Fighting       | 4 5 6 8 |  8.4
Armour         | 3 4 5 7 |  7.2

Action                   |  1- 3 |  4- 6 |  7- 9 | 10-12 || total
-------------------------+-------+-------+-------+-------++-------
Melee: Hand axe          |    87 |   104 |       |       ||   191
       War axe           |       |    33 |   405 |       ||   438
       Broad axe         |       |       |   283 |    20 ||   303
Invok: Depart the Abyss  |     1 |       |       |       ||     1
       Bend Space        |       |       |       |     1 ||     1
Evoke: Wand              |       |       |     6 |       ||     6
  Use: Potion            |     1 |     5 |     4 |       ||    10
       Scroll            |     3 |     1 |    13 |       ||    17
  Eat: Chunk             |       |     6 |    14 |       ||    20
       Ration            |       |       |     3 |       ||     3
Armor: Leather armour    |    27 |    15 |       |       ||    42
       Chain mail        |       |    28 |   510 |    22 ||   560
       Ring mail         |       |     2 |       |       ||     2
Dodge: Dodged            |    69 |    59 |   308 |    21 ||   457
